 Dungeon Crawl Stone Soup version 0.29.0-4-gdea44cf6ec (webtiles) character file.

Game seed: 14639287351680514374

46 qw the Firebug (level 3, 0/28 HPs)
             Began as a Ghoul Fire Elementalist on Aug 29, 2022.
             Killed from afar by Natasha (5 damage)
             ... with a magic dart
             ... on level 2 of the Dungeon.
             The game lasted 00:01:00 (1325 turns).

qw the Firebug (Ghoul Fire Elementalist)            Turns: 1325, Time: 00:01:01

Health: 0/28       AC: 10    Str: 13    XL:     3   Next: 66%
Magic:  4/4        EV:  1    Int: 10    God:
Gold:   40         SH:  7    Dex:  9    Spells: 4/5 levels left

rFire   . . .      SeeInvis .     - Unarmed
rCold   + . .      Faith    .   f - +0 kite shield
rNeg    + + +      Spirit   .   c - +0 plate armour
rPois   inf        Reflect  .   (no helmet)
rElec   .          Harm     .   (no cloak)
rCorr   .          Rampage  .   (no gloves)
Will    .....                   (no boots)
Stlth   ..........              (no amulet)
HPRegen 0.00/turn               (no ring)
MPRegen 0.09/turn               (no ring)

@: inhibited regen, slowed, very slow
A: claws 1, cold resistance 1, negative energy resistance 3, inhibited
regeneration, torment resistance 2, devour on kill
a: no special abilities


You were on level 2 of the Dungeon.
You visited 1 branch of the dungeon, and saw 2 of its levels.

You collected 40 gold pieces.


Innate Abilities, Weirdness & Mutations

You are immune to poison.
You have sharp fingernails.
Your flesh is cold resistant. (rC+)
You are immune to negative energy. (rN+++)
You do not regenerate when monsters are visible.
You are immune to unholy pain and torment.
You thrive by killing the living.


   Skills:
 - Level 1.1 Fighting
 - Level 1.7 Dodging
 - Level 2.1 Stealth
 - Level 1.9 Shields
 + Level 1.8 Unarmed Combat
 - Level 1.7 Spellcasting
 - Level 0.7 Conjurations
 - Level 2.4 Fire Magic


You had 4 spell levels left.
You knew the following spells:

 Your Spells              Type           Power      Damage    Failure   Level
a - Foxfire               Conj/Fire      16%        2x1d4     100%        1

Your spell library contained the following spells:

 Spells                   Type           Power      Damage    Failure   Level
 Scorch                   Fire           10%        2d5       100%        2
 Conjure Flame            Conj/Fire      4%         6-21      100%        3
 Inner Flame              Hex/Fire       3%         N/A       100%        3
 Flame Wave               Conj/Fire      4%         2d5       100%        4

Inventory:

Armour
 c - a +0 plate armour (worn)
 f - a +0 kite shield (worn)
Scrolls
 a - a scroll of immolation {unknown}
 b - a scroll of identify
Potions
 g - a potion of lignification {unknown}

Dungeon Overview and Level Annotations

Branches:
Dungeon (2/15)

Altars:

Shops:
D:1 :   D:2 *

Annotations:
D:2 Natasha


Message History

Natasha is moderately wounded.
Natasha claws you.
You scratch Natasha but do no damage.
Natasha is moderately wounded.
Natasha claws you but does no damage.
You closely miss Natasha.
Natasha is moderately wounded.
Natasha wildly gestures.
You feel disoriented.
Natasha casts a spell.
You closely miss Natasha.
Natasha is moderately wounded.
Natasha casts a spell at you. The magic dart hits you.
The crimson imp blinks!
You barely miss Natasha.
Natasha is moderately wounded.
Natasha claws you but does no damage.
You scratch Natasha but do no damage.
Natasha is moderately wounded.
You block Natasha's attack.
You scratch Natasha but do no damage.
Natasha is moderately wounded.
Natasha extends her claws.
You block Natasha's attack. Natasha claws you but does no damage.
You closely miss Natasha.
Natasha is moderately wounded.
Natasha claws you!
You scratch Natasha.
Natasha is severely wounded.
Natasha stares at you and mumbles some strange words.
You feel yourself slow down.
You closely miss Natasha.
Natasha is severely wounded.
Natasha claws you but does no damage.
The crimson imp blinks!
You closely miss Natasha.
Natasha is severely wounded.
Natasha drinks a potion.
Natasha is healed!
Natasha stares at you and mumbles some strange words.
The magic dart hits you.
You die...

#......##......###.\.#
#......###...........#
#.####.####....#####.#
# #..#......# #.#
##.#.#....# ...
..######...#.[..# ####
#.......####....
^..#####..# #.####
##@# #. #......h¤...#
#.........###
#.........#
.........## :>.......#
.....5...# ###.......


You could see Natasha and a crimson imp (summoned).

Vanquished Creatures
  Natasha (D:2)
  A dart slug (D:1)
  5 endoplasms
  A goblin (D:1)
  A quokka (D:1)
  5 ball pythons
  A bat (D:1)
  A frilled lizard (D:1)
  2 kobolds
  A rat (D:1)
19 creatures vanquished.

Notes
Turn   | Place    | Note
-------+----------+-------------------------------------------
     0 | D:1      | qw the Ghoul Fire Elementalist began the quest for the Orb.
     0 | D:1      | Reached XP level 1. HP: 14/14 MP: 2/2
     0 | D:1      | 0 ||| qw: Version: 0.1-a-90-g952f4b7
     0 | D:1      | 0 ||| qw: Game counter: 4049
     0 | D:1      | 0 ||| qw: Always use a shield: true
     0 | D:1      | 0 ||| qw: God list: Okawaru
     0 | D:1      | 0 ||| qw: Allow faded altars: false
     0 | D:1      | 0 ||| qw: Do Orc after D:15 true
     0 | D:1      | 0 ||| qw: Do second Lair branch before Depths: true
     0 | D:1      | 0 ||| qw: Lair rune preference: random
     0 | D:1      | 0 ||| qw: Plans: Normal
     0 | D:1      | 0 ||| PLANNING D:1-11
   251 | D:1      | Reached skill level 1 in Unarmed Combat
   317 | D:1      | Found Qyba's Book Emporium.
   450 | D:1      | 450 ||| Stepping ~*~*~tactically~*~*~ (outnumbered).
   454 | D:1      | Reached XP level 2. HP: 21/22 MP: 3/3
   475 | D:1      | Reached skill level 1 in Fighting
   729 | D:1      | Found a faded altar of an unknown god.
  1157 | D:1      | 1157 ||| UPGRADING to +0 plate armour.
  1167 | D:1      | 1167 ||| DROPPING +0 robe.
  1168 | D:1      | 1168 ||| DROPPING scarf of invisibility.
  1169 | D:1      | 1169 ||| UPGRADING to +0 kite shield.
  1174 | D:1      | 1174 ||| READING scroll labelled UKOCET QOMEF.
  1175 | D:1      | 1175 ||| READING scroll labelled QEORRE FORI.
  1176 | D:1      | 1176 ||| DROPPING potion of magic.
  1234 | D:2      | Found Posas's General Store.
  1281 | D:2      | Noticed Natasha
  1282 | D:2      | 1282 ||| Stepping ~*~*~tactically~*~*~ (hiding).
  1295 | D:2      | Killed Natasha
  1296 | D:2      | Reached skill level 1 in Shields
  1296 | D:2      | Reached XP level 3. HP: 26/28 MP: 4/4
  1309 | D:2      | Noticed Natasha
  1322 | D:2      | HP: 5/28 [Natasha (8)]
  1325 | D:2      | Killed from afar by Natasha

Levels and vault maps discovered:
D:1:      psy_arrival_whirlpool, layout_basic, serial_shops,
          nicolae_shop_statue_plus, shapermc_ecumenical_altar_mp_vishouse
D:2:      layout_rooms, serial_shops, nicolae_shop_stone, basic_altar,
          uniq_natasha

Skill      XL: |  1  2 |
---------------+-------+-----
Unarmed Combat | 1 |  1.8
Fighting       | 1 |  1.1
Shields        | 1 |  1.9
Dodging        | |  1.7
Stealth        | |  2.1
Spellcasting   | |  1.7
Conjurations   | |  0.7
Fire Magic     | |  2.4

Action                   || total
-------------------------++-------
Melee: Unarmed           ||   100
  Use: Scroll            ||     2
 Stab: Sleeping          ||     1
Armor: Robe              ||     8
       Plate armour      ||    15
Dodge: Dodged            ||    38
Block: Kite shield       ||     5

Table legend:
 A = Non-vault XP
 B = Vault XP
 C = Vault XP percentage of total XP
 D = Non-vault monster count
 E = Vault monster count
 F = Vault count percentage of total count
                 A         B        C        D         E       F
            +---------+---------+-------+---------+---------+-------
      Total |      30 |      36 |  54.5 |      18 |       1 |   5.3
            +---------+---------+-------+---------+---------+-------
        D:1 |      23 |       0 |   0.0 |      14 |       0 |   0.0
        D:2 |       7 |      36 |  83.7 |       4 |       1 |  20.0
            +---------+---------+-------+---------+---------+-------
